 Dungeon Crawl Stone Soup version 0.31-a0-986-g5e6e4ef867 (webtiles) character file.

Game seed: 2982845801365086493

50 Danienth the Trooper (level 3, -4/37 HPs)
             Began as a Troll Fighter on Nov 7, 2023.
             Slain by Sigmund
             ... wielding a +2 scythe of protection
              (11 damage)
             ... on level 2 of the Dungeon.
             The game lasted 00:03:22 (1048 turns).

Danienth the Trooper (Troll Fighter)                Turns: 1048, Time: 00:03:22

Health: -4/37      AC:  4    Str: 24    XL:     3   Next: 55%
Magic:  2/2        EV:  9    Int:  6    God:
Gold:   28         SH:  0    Dex:  9    Spells: 2/2 levels left

rFire   . .          .
                       - Unarmed
rCold   . . .        b - +0 kite shield
rNeg    . . .        a - +0 robe
rPois   .            (helmet restricted)
rElec   .            (no cloak)
rCorr   .            (gloves unavailable)
SInv    .            (boots unavailable)
Will    +....        (no amulet)
Stlth   +            (no ring)
HPRegen 1.06/turn    (no ring)
MPRegen 0.08/turn

%: no passive effects
@: confused, enlightened, flying
A: large, unfitting armour, claws 3, regeneration 1, shaggy fur 1, tough skin 1
a: no special abilities


You were on level 2 of the Dungeon.
You visited 1 branch of the dungeon, and saw 2 of its levels.

You collected 28 gold pieces.

Inventory:

Missiles
 d - 5 boomerangs
Armour
 a - a +0 robe (worn)
 b - a +0 kite shield (worn)
Scrolls
 e - a scroll of enchant weapon {unknown}
 f - a scroll of blinking {unknown}
 h - a scroll of identify
 j - a scroll of brand weapon {unknown}
Potions
 c - a potion of might
 g - a potion of invisibility {unknown}
 i - a potion of enlightenment


   Skills:
 * Level 3.0 Fighting
 + Level 2.7 Dodging
 + Level 2.9 Shields
 * Level 2.8 Unarmed Combat


You had 2 spell levels left.
You didn't know any spells.
Your spell library contained the following spells:

 Spells                   Type           Power      Damage    Failure   Level
 Sublimation of Blood     Necr           0%         N/A       86%         2
 Wereblood                Tmut           0%         N/A       86%         2
 Summon Hydra             Summ           0%         N/A       100%        7


Dungeon Overview and Level Annotations

Branches:
Dungeon (2/15)

Altars:

Annotations:
D:2 Sigmund


Innate Abilities, Weirdness & Mutations

You are too large for most types of armour.
You have claws for hands.
Your natural rate of healing is unusually fast.
You are covered in fur. (AC +1)
You have tough skin. (AC +1)


Message History

You are confused.
You are too confused!
Sigmund casts a spell at you.
You are more confused.
Sigmund barely misses you.
You're too confused to move!
Sigmund gestures wildly while chanting.
Sigmund flickers and vanishes!
Deactivating autopickup; reactivate with Ctrl-A.
Something hits you. Something hits you.
The frilled lizard hisses angrily.
You hear some strange, mumbled words.
You are more confused.
You hear some strange, mumbled words.
You are more confused.
Something hits you.
The frilled lizard attacks as it pursues you!
The frilled lizard bites you.
You claw the frilled lizard!
You kill the frilled lizard!
You hear some strange, mumbled words.
A magic dart appears from out of thin air!
The magic dart hits you.
You miss something.
You hear some strange, mumbled words.
You are more confused.
You barely miss something. Something hits you. Something hits you!
You hear some strange, mumbled words.
You are more confused.
You see here a frilled lizard corpse.
Something hits you.
* * * LOW HITPOINT WARNING * * *
Something hits you!
* * * LOW HITPOINT WARNING * * *
You feel very buoyant.
You fly up into the air.
Something hits you!
You die...

#.# #.## #..# #..#
#..# #..#
########..#
.<.........#
....####.@.#####..
#.....{.†..!....
#..(####..........
# ##..#####.. #..#
#.... #.#### #.#
#.#


There were no monsters in sight!

Vanquished Creatures
  An adder (D:2)
  A dart slug (D:1)
  2 ball pythons
  6 endoplasms
  A giant cockroach (D:1)
  3 goblins (D:1)
  4 hobgoblins
  4 kobolds (D:1)
  A quokka (D:2)
  3 bats
  2 frilled lizards
  7 rats
35 creatures vanquished.

Notes
Turn   | Place    | Note
-------+----------+-------------------------------------------
     0 | D:1      | Danienth the Troll Fighter began the quest for the Orb.
     0 | D:1      | Reached XP level 1. HP: 22/22 MP: 0/0
     8 | D:1      | Noticed an electric eel
   172 | D:1      | Reached XP level 2. HP: 29/29 MP: 1/1
   693 | D:1      | Reached XP level 3. HP: 34/36 MP: 2/2
   917 | D:2      | Reached skill level 3 in Fighting
  1017 | D:2      | Noticed Sigmund
  1048 | D:2      | Slain by Sigmund

Illustrated notes

Levels and vault maps discovered:
D:1:      arrival_aquarium_a, layout_loops_corners,
          nicolae_concentric_dashed_squares_wild
D:2:      layout_loops_ring, basic_altar, kennysheep_minor_cross, uniq_natasha,
          uniq_sigmund

Skill      XL: |  1  2  3 |
---------------+----------+-----
Fighting       | 3 |  3.0
Dodging        | |  2.7
Shields        | |  2.9
Unarmed Combat | |  2.8

Action                     || total
---------------------------++-------
  Melee: Unarmed           ||    78
    Use: Scroll            ||     1
         Potion            ||     1
 Armour: Robe              ||    43
  Dodge: Dodged            ||    15
  Block: Kite shield       ||    17

Table legend: (Time is in decaauts)
 A = Elapsed time spent in this place.
 B = Non-inter-level travel time spent in this place.
 C = Inter-level travel time spent in this place.
 D = Time resting spent in this place.
 E = Time spent auto-exploring this place.
 F = Levels seen in this place.
 G = Mean time per level.
                   A        B        C        D        E       F      G
               +--------+--------+--------+--------+--------+-----+--------+
         Total |   1052 |   1048 |      4 |      0 |    836 |   2 |  526.0 |
       Dungeon |   1052 |   1048 |      4 |      0 |    836 |   2 |  526.0 |
               +--------+--------+--------+--------+--------+-----+--------+

Top non-repeatable levels by time:
     D:1: 795 daAuts
     D:2: 257 daAuts
